 Dungeon Crawl Stone Soup version 0.26-a0-70-g31f1466007 (webtiles) character file.

Game seed: 11375884913484378163

831 Anathary the Magician (level 7, -4/36 HPs)
             Began as a Deep Elf Venom Mage on June 14, 2020.
             Slain by an orc wizard
             ... wielding a +0 dagger
              (5 damage)
             ... on level 4 of the Dungeon.
             The game lasted 00:26:48 (5168 turns).

Anathary the Magician (Deep Elf Venom Mage)         Turns: 5168, Time: 00:26:49

Health: -4/36      AC:  4    Str:  5    XL:     7   Next: 65%
Magic:  15/19      EV: 12    Int: 21    God:
Gold:   166        SH:  0    Dex: 16    Spells: 16/19 levels left

rFire    . . .     SeeInvis .   p - +2 flail (vorpal)
rCold    . . .     Gourm    .   (no shield)
rNeg     . . .     Faith    .   v - +1 leather armour
rPois    .         Spirit   .   (no helmet)
rElec    .         Reflect  .   (no cloak)
rCorr    .         Harm     .   (no gloves)
MR       .....                  (no boots)
Stlth    ++........             (no amulet)
HPRegen  0.12/turn              (no ring)
MPRegen  0.16/turn              (no ring)

@: no status effects
A: no striking features
a: no special abilities


You were on level 4 of the Dungeon.
You were not hungry.

You visited 1 branch of the dungeon, and saw 4 of its levels.

You collected 166 gold pieces.

Inventory:

Hand Weapons
 p - a +2 vorpal flail (weapon)
Armour
 a - a +0 robe
 v - a +1 leather armour (worn)
Wands
 q - a wand of flame (4)
Scrolls
 b - a scroll of blinking {unknown}
 d - 2 scrolls of teleportation
 e - a scroll of fear
 h - a scroll of enchant weapon
 m - 4 scrolls of remove curse
 n - 4 scrolls of identify
Potions
 f - 2 potions of stabbing
 g - a potion of flight
 i - 2 potions of curing
 j - 2 potions of brilliance
 k - a potion of lignification
 l - a potion of invisibility
 o - a potion of cancellation {unknown}
 r - a potion of resistance
 s - a potion of heal wounds
 t - 2 potions of haste
Comestibles
 c - 10 rations
 u - 3 chunks of flesh


   Skills:
 - Level 0.1 Fighting
 + Level 1.5 Armour
 + Level 3.0 Dodging
 + Level 3.5 Stealth
 + Level 6.8 Spellcasting
 + Level 5.1 Transmutations
 + Level 0.3 Air Magic
 + Level 5.6 Poison Magic


You had 16 spell levels left.
You knew the following spells:

 Your Spells              Type           Power        Failure   Level  Hunger
a - Sting                 Tmut/Pois      ####         1%          1    None
b - Poisonous Vapours     Pois/Air       ###...       6%          2    None

Your spell library contained the following spells:

 Spells                   Type           Power        Failure   Level  Hunger
 Ignite Poison            Fire/Tmut/Pois ###.....     10%         3    #......
 Olgreb's Toxic Radiance  Pois           ####....     14%         4    ###....
 Mephitic Cloud           Conj/Pois/Air  ###.....     19%         3    #......


Dungeon Overview and Level Annotations

Branches:
Dungeon (4/15)
 Temple: D:4-7

Altars:
Dithmenos
Yredelemnul


Message History

You miss something. Something hits you but does no damage.
You sock something!
You hear some strange, mumbled words.
Something tries to affect you, but you resist.
Something completely misses you.
You closely miss something. Something hits you but does no damage.
You miss something.
An orc wizard appears from thin air!
Reactivating autopickup.
The orc wizard hits you but does no damage.
The orc wizard casts a spell.
The orc wizard flickers and vanishes!
Deactivating autopickup; reactivate with Ctrl-A.
You barely miss something. Something hits you but does no damage.
You miss something.
You hear some strange, mumbled words.
A puff of flame appears from out of thin air!
The puff of flame hits you!
* * * LOW HITPOINT WARNING * * *
You barely miss something. Something hits you.
You die...

#......# .........
########......######## <.o......
.......'......+......## ..ooo....
########....(.######..# .........
#......# ##.##....o.... #......#
#..#......... #......# ##.## #'#
########......########..#######.#
.......'......'.@{............)>#
..######......#########.####.####
..# #......# #..# #.# ..#
#......# ##.###.# .[## #......#
#..##)# ...# #......# ##.##.#
...# ######## #.##.# ...# #.##.#
...# #.##.#


There were no monsters in sight!

Vanquished Creatures
  Grinder (D:4)
  A human (D:4)
  A hound (D:4)
  A human zombie (D:4)
  2 orc priests (D:3)
  6 orc wizards
  A worker ant (D:4)
  A howler monkey zombie (D:4)
  3 adders
  4 gnolls (D:3)
  2 oozes
  2 worms (D:2)
  2 dart slugs
  3 leopard geckos
  16 orcs
  6 bats
  5 giant cockroaches
  2 goblins (D:3)
  6 hobgoblins
  4 jackals (D:1)
  3 frilled lizards
  A goblin skeleton (D:4)
  2 goblin zombies (D:4)
  5 kobolds
  8 rats
88 creatures vanquished.

Notes
Turn   | Place    | Note
-------+----------+-------------------------------------------
     0 | D:1      | Anathary the Deep Elf Venom Mage began the quest for the
                  | Orb.
     0 | D:1      | Reached XP level 1. HP: 10/10 MP: 6/6
   287 | D:1      | Reached XP level 2. HP: 11/15 MP: 5/8
  1021 | D:1      | Reached XP level 3. HP: 19/19 MP: 7/9
  1025 | D:1      | Learned a level 2 spell: Poisonous Vapours
  1820 | D:2      | Reached XP level 4. HP: 22/24 MP: 5/11
  1989 | D:3      | Reached skill level 4 in Spellcasting
  2195 | D:3      | Reached XP level 5. HP: 28/28 MP: 10/14
  2374 | D:3      | Found a shadowy altar of Dithmenos.
  2555 | D:3      | Reached skill level 5 in Spellcasting
  2966 | D:3      | Reached XP level 6. HP: 32/32 MP: 7/15
  4074 | D:4      | Reached skill level 5 in Poison Magic
  4178 | D:4      | Noticed Grinder
  4216 | D:4      | Killed Grinder
  4216 | D:4      | Reached skill level 1 in Armour
  4216 | D:4      | Reached skill level 6 in Spellcasting
  4216 | D:4      | Reached XP level 7. HP: 18/36 MP: 13/18
  4436 | D:4      | Found a runed translucent door.
  4436 | D:4      | Noticed a human
  4448 | D:4      | Found a basalt altar of Yredelemnul.
  4712 | D:4      | Killed a human
  4712 | D:4      | Reached skill level 5 in Transmutations
  5167 | D:4      | HP: 1/36 [something/puff of flame (14)]
  5168 | D:4      | Slain by an orc wizard

Illustrated notes

Levels and vault maps discovered:
D:1:      saegor_arrival_simple_b, layout_loops_ring
D:2:      layout_loops_ring, first_ration
D:3:      layout_loops_ring, grunt_dithmenos_smoke_and_mirrors, serial_glass,
          glass_columns_a, glass_columns_a
D:4:      layout_basic, dk_yredelemnul_ordeal, uniq_grinder

Skill      XL: |  1  2  3  4  5  6  7 |
---------------+----------------------+-----
Poison Magic   | 4 5 |  5.6
Transmutations | 2 3 4 5 |  5.1
Spellcasting   | 4 5 6 |  6.8
Stealth        | 3 |  3.5
Armour         | 1 |  1.5
Dodging        | 3 |  3.0
Fighting       | |  0.1
Air Magic      | |  0.3

Action                   |  1- 3 |  4- 6 |  7- 9 || total
-------------------------+-------+-------+-------++-------
Melee: Unarmed           |     3 |     2 |       ||     5
       Flail             |       |    28 |    31 ||    59
 Cast: Sting             |    56 |    99 |    30 ||   185
       Poisonous Vapours |     1 |     3 |     1 ||     5
  Use: Scroll            |       |    15 |       ||    15
       Potion            |       |     1 |       ||     1
  Eat: Chunk             |     3 |       |     1 ||     4
       Ration            |       |     2 |     1 ||     3
Armor: Robe              |     8 |     6 |       ||    14
       Leather armour    |       |     8 |     7 ||    15
Dodge: Dodged            |    27 |    49 |    19 ||    95

Table legend:
 A = Non-vault XP
 B = Vault XP
 C = Vault XP percentage of total XP
 D = Non-vault monster count
 E = Vault monster count
 F = Vault count percentage of total count
                 A         B        C        D         E       F
            +---------+---------+-------+---------+---------+-------
      Total |     657 |     531 |  44.7 |      82 |       6 |   6.8
            +---------+---------+-------+---------+---------+-------
        D:1 |      41 |       0 |   0.0 |      20 |       0 |   0.0
        D:2 |      67 |       0 |   0.0 |      13 |       0 |   0.0
        D:3 |     372 |       0 |   0.0 |      38 |       0 |   0.0
        D:4 |     177 |     531 |  75.0 |      11 |       6 |  35.3
            +---------+---------+-------+---------+---------+-------
